 Dungeon Crawl Stone Soup version 0.32-a0-599-gba8f9cf90e (webtiles) character file.

Game seed: 8607661168722747996

55 runemasterragnar the Charlatan (level 3, 0/30 HPs)
             Began as a Coglin Artificer on Mar 2, 2024.
             Slain by a ribbon worm (5 damage)
             ... on level 2 of the Dungeon.
             The game lasted 00:02:07 (1229 turns).

runemasterragnar the Charlatan (Coglin Artificer)   Turns: 1229, Time: 00:02:08

Health: 0/30       AC:  5    Str: 14    XL:     3   Next: 93%
Magic:  3/3        EV:  0    Int: 10    God:
Gold:   85         SH:  0    Dex: 14    Spells: 2/2 levels left

rFire   . . .        a - +0 club {Xochipepe}
rCold   . . .        f - +1 dagger {Gerda}
rNeg    . . .        h - +0 ring mail
rPois   .            (no helmet)
rElec   .            (no cloak)
rCorr   .            (no gloves)
SInv    .            (no boots)
Will    .....        (amulet unavailable)
Stlth   +            (ring unavailable)
HPRegen 0.25/turn    (ring unavailable)
MPRegen 0.08/turn    (no gizmo)

%: no passive effects
@: constricted, revving
A: off-hand wielding, slow wielding, warmup strikes, no jewellery
a: Invent Gizmo


You were on level 2 of the Dungeon.
You visited 1 branch of the dungeon, and saw 2 of its levels.

You collected 85 gold pieces.

Inventory:

Hand Weapons
 a - a +0 club (weapon) {Xochipepe}
 f - a +1 dagger (offhand) {Gerda}
Armour
 h - a +0 ring mail (worn)
Talismans
 b - a blade talisman
Wands
 c - a wand of flame (15) (quivered)
 d - a wand of charming (15)
 e - a wand of iceblast (5)
Scrolls
 k - a scroll of identify
Potions
 g - a potion of brilliance {unknown}
 i - 3 potions of curing {unknown}
 j - a potion of lignification {unknown}
 l - 2 potions of ambrosia
 m - a potion of attraction {unknown}
 n - a potion of heal wounds {unknown}


   Skills:
 + Level 3.6 Fighting
 - Level 1.7 Armour
 - Level 0.8 Dodging
 - Level 0.7 Stealth
 - Level 4.0 Evocations


You had 2 spell levels left.
You didn't know any spells.
Your spell library was empty.

Dungeon Overview and Level Annotations

Branches:
Dungeon (2/15)

Altars:


Innate Abilities, Weirdness & Mutations

You can wield a second weapon in your off-hand.
It takes a long time for you to wield or remove held weapons.
Your first few attacks do less damage.
You cannot equip rings or amulets.


Message History

You struggle to detach yourself from the web.
The ball python bites you but does no damage.
The ball python constricts you.
The web tears apart.
The ball python bites you but does no damage.
The ball python constricts you. The ribbon worm bites you.
You hit the ribbon worm with your +1 dagger.
The ribbon worm is heavily wounded.
You barely miss the ribbon worm with your +0 club.
The ball python bites you. The ball python constricts you.
The ribbon worm expels a string of sticky webbing.
The stream of webbing hits you but does no damage.
You are caught in a web!
The ball python bites you. The ball python constricts you.
The web tears apart.
The ribbon worm expels a string of sticky webbing.
The stream of webbing hits you but does no damage.
You are caught in a web!
The ball python bites you. The ball python constricts you.
You struggle to detach yourself from the web.
The ball python bites you. The ball python constricts you.
The ribbon worm bites you.
Unknown command.
You struggle to detach yourself from the web.
The ball python bites you but does no damage.
The ball python constricts you. The ribbon worm bites you.
* * * LOW HITPOINT WARNING * * *
Unknown command.
The web tears apart.
The ball python bites you but does no damage.
The ball python constricts you.
* * * LOW HITPOINT WARNING * * *
You hit the ribbon worm with your +1 dagger.
The ribbon worm is moderately wounded.
You hit the ribbon worm but do no damage.
The ball python bites you but does no damage.
The ball python constricts you.
* * * LOW HITPOINT WARNING * * *
The ribbon worm bites you.
You die...

. # . .###.#.# # .
.#....# # #
##.#...# # ......#
# #.#..# # #...$#
# #.###S.#.### #
#...w@...>.#######
#
###.....##.......#
# #........#####.#
# ##...#.###
#.##### ....:..#
#...... .....####
####### #######


You could see a ribbon worm and a ball python.

Vanquished Creatures
  2 adders (D:2)
  A dart slug (D:2)
  A ribbon worm (D:2)
  2 ball pythons
  6 bats
  3 endoplasms
  4 giant cockroaches
  A goblin (D:2)
  A hobgoblin (D:1)
  4 kobolds
  2 quokkas
  3 rats (D:1)
30 creatures vanquished.

Notes
Turn   | Place    | Note
-------+----------+-------------------------------------------
     0 | D:1      | runemasterragnar the Coglin Artificer began the quest for
                  | the Orb.
     0 | D:1      | Reached XP level 1. HP: 15/15 MP: 1/1
   183 | D:1      | Reached XP level 2. HP: 14/22 MP: 2/2
   480 | D:1      | Found a faded altar of an unknown god.
   918 | D:2      | Reached XP level 3. HP: 22/28 MP: 3/3
  1229 | D:2      | Slain by a ribbon worm

Illustrated notes

Levels and vault maps discovered:
D:1:      saegor_arrival_simple_c, layout_loops_cross,
          hellmonk_ecumenical_altar_leap_of_faith
D:2:      layout_loops_ring

Skill      XL: |  1  2  3 |
---------------+----------+-----
Fighting       | 2 3 |  3.6
Armour         | |  1.7
Dodging        | |  0.8
Stealth        | |  0.7
Evocations     | |  4.0

Action                     || total
---------------------------++-------
  Melee: Club              ||   111
         Dagger            ||   113
    Use: Scroll            ||     3
 Armour: Leather armour    ||     6
         Ring mail         ||    94
  Dodge: Dodged            ||    74

Table legend: (Time is in decaauts)
 A = Elapsed time spent in this place.
 B = Non-inter-level travel time spent in this place.
 C = Inter-level travel time spent in this place.
 D = Time resting spent in this place.
 E = Time spent auto-exploring this place.
 F = Levels seen in this place.
 G = Mean time per level.
                   A        B        C        D        E       F      G
               +--------+--------+--------+--------+--------+-----+--------+
         Total |   1246 |   1158 |     88 |      0 |    896 |   2 |  623.0 |
       Dungeon |   1246 |   1158 |     88 |      0 |    896 |   2 |  623.0 |
               +--------+--------+--------+--------+--------+-----+--------+

Top non-repeatable levels by time:
     D:1: 878 daAuts
     D:2: 367 daAuts
